 Dungeon Crawl Stone Soup version 0.29.1-13-g9f3cf754e1 (webtiles) character file.

Game seed: 8133855102401500510

120 Thatpatchoflichen the Ducker (level 4, -1/21 HPs)
             Began as a Spriggan Venom Mage on Jan 23, 2023.
             Slain by an adder (3 damage)
             ... on level 3 of the Dungeon.
             The game lasted 00:10:19 (3085 turns).

Thatpatchoflichen the Ducker (Spriggan Venom Mage)  Turns: 3085, Time: 00:10:19

Health: -1/21      AC:  2    Str:  4    XL:     4   Next: 75%
Magic:  11/11      EV: 18    Int: 18    God:
Gold:   167        SH:  0    Dex: 15    Spells: 1/11 levels left

rFire   + . .      SeeInvis +   k - +0 short sword
rCold   . . .      Faith    .   (no shield)
rNeg    + . .      Spirit   .   j - +0 robe {rN+}
rPois   .          Reflect  .   (helmet restricted)
rElec   .          Harm     .   (no cloak)
rCorr   .          Rampage  .   (gloves unavailable)
Will    .....                   (boots unavailable)
Stlth   ++........              (no amulet)
HPRegen 0.07/turn               d - ring of protection from fire
MPRegen 0.12/turn               (no ring)

@: lethally poisoned (-1 -> -4), very quick
A: very small, no large weapons, unfitting armour, see invisible, speed 3
a: no special abilities


You were on level 3 of the Dungeon.
You visited 1 branch of the dungeon, and saw 3 of its levels.

You collected 167 gold pieces.

Inventory:

Hand Weapons
 k - a +0 short sword (weapon)
Armour
 a - a +0 robe
 j - a +0 robe of positive energy (worn)
Jewellery
 d - a ring of protection from fire (left hand)
 i - a ring of fire
Wands
 g - a wand of flame (17)
Scrolls
 c - 2 scrolls of identify {unknown}
 m - a scroll of teleportation {unknown}
 n - a scroll of enchant weapon {unknown}
 o - a scroll of poison {unknown}
Potions
 b - a potion of magic
 e - a potion of haste {unknown}
 f - a potion of invisibility {unknown}
 h - a potion of curing {unknown}
 l - a potion of flight {unknown}


   Skills:
 * Level 4.3 Dodging
 - Level 3.2 Stealth
 + Level 4.1 Spellcasting
 - Level 2.0 Transmutations
 + Level 3.9 Poison Magic


You had one spell level left.
You knew the following spells:

 Your Spells              Type           Power      Damage    Failure   Level
a - Sting                 Tmut/Pois      56%        1d5       4%          1
b - Poisonous Vapours     Pois/Air       20%        N/A       10%         2
c - Mephitic Cloud        Conj/Pois/Air  8%         N/A       26%         3
d - Olgreb's Toxic Radia  Pois           17%        N/A       28%         4

Your spell library contained the following spells:

 Spells                   Type           Power      Damage    Failure   Level
 Frozen Ramparts          Ice            6%         1d1       41%         3
 Ice Form                 Ice/Tmut       7%         N/A       67%         4
 Summon Ice Beast         Ice/Summ       3%         N/A       82%         4


Dungeon Overview and Level Annotations

Branches:
Dungeon (3/15)

Altars:
Fedhas
Wu Jian

Shops:
D:1 :   D:2 (


Innate Abilities, Weirdness & Mutations

You are very small and have problems with some larger weapons.
You are too small for most types of armour.
You have supernaturally acute eyesight. (SInv)
You cover ground extremely quickly. (Speed+++)


Message History

The ball python barely misses you. The ball python closely misses you.
The adder closely misses you. The adder misses you. The ball python misses you.
The ball python closely misses you. The adder closely misses you.
Found 10 gold pieces.
The adder misses you. The adder bites you.
You see here 10 gold pieces.
The adder barely misses you.
You see here 10 gold pieces.
The adder misses you. The adder misses you.
You hit the adder but do no damage.
The adder is heavily wounded.
The adder misses you. x2; The ball python barely misses you.
The ball python misses you.
You hit the adder but do no damage.
The adder is heavily wounded.
The adder misses you. The ball python closely misses you. x2
You closely miss the adder.
The adder is heavily wounded.
The adder bites you.
You are poisoned.
The adder poisons you! The ball python closely misses you.
The ball python misses you. The adder bites you but does no damage.
You closely miss the adder.
The adder is heavily wounded.
* * * LOW HITPOINT WARNING * * *
You feel sick. The ball python misses you.
The ball python completely misses you. The adder barely misses you.
The ball python bites you.
* * * LOW HITPOINT WARNING * * *
The ball python completely misses you.
Unknown command.
You miss the adder.
The adder is heavily wounded.
* * * LOW HITPOINT WARNING * * *
You feel sick. The adder bites you.
You die...

#.# #.# ..# #.# .
###.#############.
.................
###.#########.....
####SS.$............<
#...@#.#######.......
#....#.#######§#.....
#....#.#§.....§.§...#
#........§≈.≈≈≈§§§≈.## #..
........#...≈....§.§§§## #.###.
#.......#...≈.≈...§§§§.. #.#>..
#.#.....#...≈.≈._§§§≈.##
#.#...####...........≈.≈...≈.≈..#
#.#.#..#......#.#.#..≈.......≈..#


You could see an adder and a ball python.

Vanquished Creatures
  Jessica (D:2)
  Terence (D:2)
  A gnoll (D:1)
  A worm (D:3)
  A dart slug (D:1)
  6 bats
  2 endoplasms
  4 goblins
  4 hobgoblins
  10 jackals
  4 ball pythons
  4 frilled lizards
  10 kobolds
  6 rats
55 creatures vanquished.

Notes
Turn   | Place    | Note
-------+----------+-------------------------------------------
     0 | D:1      | Thatpatchoflichen the Spriggan Venom Mage began the quest
                  | for the Orb.
     0 | D:1      | Reached XP level 1. HP: 9/9 MP: 5/5
   274 | D:1      | Reached XP level 2. HP: 13/13 MP: 4/6
   786 | D:1      | Found Gas Oryu's Vocational Training.
   936 | D:1      | Reached XP level 3. HP: 12/16 MP: 5/8
  1380 | D:2      | Found Ababou's Antique Weapon Emporium.
  1385 | D:2      | Noticed Jessica
  1401 | D:2      | Killed Jessica
  1495 | D:2      | Reached XP level 4. HP: 21/21 MP: 8/10
  1502 | D:2      | Learned a level 2 spell: Poisonous Vapours
  1506 | D:2      | Learned a level 3 spell: Mephitic Cloud
  1511 | D:2      | Learned a level 4 spell: Olgreb's Toxic Radiance
  2079 | D:2      | Found an ornate altar of the Wu Jian Council.
  2209 | D:2      | Noticed Terence
  2244 | D:2      | Killed Terence
  2455 | D:2      | Found a faded altar of an unknown god.
  3003 | D:3      | Found a blossoming altar of Fedhas.
  3085 | D:3      | Slain by an adder

Illustrated notes

Levels and vault maps discovered:
D:1:      roderic_octagonal_star, layout_loops_ring, nicolae_shop_vocational
D:2:      layout_basic, nicolae_ecumenical_lake_church, serial_shops,
          nicolae_shop_advertising_works [nicolae_subvault_shop_adworks],
          basic_altar, grunt_ministairs_3, uniq_jessica, uniq_terence
D:3:      layout_basic, mainiacjoe_overflow_cross_hatched, minmay_circle_x

Skill      XL: |  1  2  3  4 |
---------------+-------------+-----
Dodging        | 3 4 |  4.3
Spellcasting   | 3 4 |  4.1
Transmutations | 2 |  2.0
Stealth        | |  3.2
Poison Magic   | |  3.9

Action                   |  1- 3 |  4- 6 || total
-------------------------+-------+-------++-------
Melee: Unarmed           |     5 |       ||     5
       Short sword       |       |    20 ||    20
 Cast: Sting             |    47 |    43 ||    90
       Poisonous Vapours |       |     1 ||     1
Armor: Robe              |     3 |     4 ||     7
Dodge: Dodged            |    26 |    66 ||    92
